AoeStats
← 化劲省二

Arabia

507747210Analyzed
1v1 RM · 14d ago on Sep 19, 2026· 34m 34s· 2 players
Game mode
Random Map
Map size
Tiny (2 player)
Population
200
Speed
Normal
Resources
Standard
Victory
Conquest
Starting age
Dark Age
Ending age
Imperial Age
RankedLock teamsTeams togetherTeam positionsShared explorationLock speedFull tech treeHidden civsTurbo modeCheats
Victory
Defeat
🇨🇳 Ethiopians · China
1182
+17
🇨🇳 Khitans · China
1201
-17
铁木真
6:42 Loom
8:54 Feudal Age
9:31 Double-Bit Axe
18:24 Castle Age
17:11 Fletching
17:13 Gold Mining
17:10 Horse Collar
19:02 Bodkin Arrow
18:28 Crossbowman
19:27 Bow Saw
20:29 Town Watch
23:51 Wheelbarrow
28:56 Imperial Age
26:36 Heavy Plow
30:18 Gold Shaft Mining
29:52 Bracer
31:10 Chemistry
化劲省二
8:57 Loom
10:55 Feudal Age
17:35 Castle Age
20:19 Domestication
22:17 Wheelbarrow
24:31 Pastoralism
25:40 Fletching
26:20 Double-Bit Axe
28:29 Town Watch
29:08 Bow Saw
Connection lost

Rejoining the realm…

Still unreachable

The connection could not be restored.

Session expired

The server has moved on; the page needs a fresh start.